 Dungeon Sprint DCSS version 0.31-a0-455-g1a7b003ef0 (webtiles) character file.

Game seed: 9367577681600701656

273780 dialectric the Impregnable (level 12, 7/137 HPs)
             Began as a Minotaur Berserker on Aug 3, 2023.
             Was a High Priest of Trog.
             Escaped with the Orb!
             The game lasted 00:13:20 (3502 turns).

dialectric the Impregnable (Minotaur Berserker)     Turns: 3502, Time: 00:13:21

Health: 7/137      AC: 15    Str: 24    XL:     12   Next: 39%
Magic:  11/11      EV: 13    Int:  4    God:    Trog [*****.]
Gold:   1944       SH:  0    Dex: 13    Spells: 11/11 levels left

rFire   + . .        q - +5 morningstar "Qefugogh" {elec, rF+}
rCold   . . .        (no shield)
rNeg    . . .        j - +1 shadow dragon scales
rPois   .            (helmet restricted)
rElec   .            u - +2 cloak
rCorr   .            (no gloves)
SInv    +            v - +2 pair of boots {rampage}
Will    +++..        (no amulet)
Stlth   +            p - ring of see invisible
HPRegen 1.42/turn    (no ring)
MPRegen 0.12/turn

%: no teleportation, rampage
@: strong-willed, corroded, regenerating
A: horns 2, retaliatory headbutt, strong-willed 1
0: Orb of Zot
a: Renounce Religion, Berserk, Trog's Hand, Brothers in Arms


You escaped.
You worshipped Trog.
Trog was extremely pleased with you.
You visited 1 branch You collected 3539 gold pieces.
You spent 1595 gold pieces at shops.

Inventory:

Hand Weapons
 a - the +12 pair of quick blades "Gyre" and "Gimble" {protect}
   (You found it in the Dungeon)
 h - a +1 great mace of flaming
 l - a +2 whip of draining
 q - the +5 morningstar "Qefugogh" (weapon) {elec, rF+}
   (You bought it in a shop in the Dungeon)

   rF:        It protects you from fire.
 s - a +4 dire flail of flaming
 w - a +4 dire flail of flaming
Missiles
 r - 3 curare-tipped darts
Armour
 j - +1 shadow dragon scales (worn)
 m - a +2 ring mail of cold resistance
 o - a scarf of invisibility
 u - a +2 cloak (worn)
 v - a +2 pair of boots of rampaging (worn)
Jewellery
 p - a ring of see invisible (left hand)
Wands
 i - a wand of charming (23)
 y - a wand of digging (4)
Scrolls
 b - 2 scrolls of identify {unknown}
 k - a scroll of acquirement {unknown}
 n - 2 scrolls of fog
 t - a scroll of enchant weapon {unknown}
 z - a scroll of poison {unknown}
Potions
 c - 8 potions of curing
 e - a potion of haste
 f - 2 potions of magic
 g - a potion of berserk rage


   Skills:
 + Level 21.8 Fighting
 + Level 19.3 Maces & Flails
 * Level 22.7 Armour
 - Level 9.2 Dodging
 - Level 2.1 Stealth
 + Level 0.2 Evocations


You had 11 spell levels left.
You didn't know any spells.
Your spell library was empty.

Dungeon Overview and Level Annotations

Branches:
Dungeon (1/1)

Altars:
Cheibriados
Dithmenos
Elyvilon
Fedhas
Gozag
Hepliaklqana
Kikubaaqudgha
Makhleb
Nemelex Xobeh
Okawaru
Qazlal
Ru
Sif Muna
Trog
Uskayaw
Vehumet
Wu Jian
Xom
Yredelemnul
Zin
The Shining One
Jiyva
Lugonu

Shops:
D ?**[*(?[([=*![*[!!

Annotations:
D Lom Lobon, Tiamat


Innate Abilities, Weirdness & Mutations

You have a pair of horns on your head.
You reflexively headbutt those who attack you in melee.
You are strong-willed. (Will+)


Message History

The cacodemon gestures at you. The bolt of energy hits you!!!
* * * LOW HITPOINT WARNING * * *
There is an open door here.
You feel much better.
The sixfirhy hits you but does no damage.
The sixfirhy closely misses you. x2; You furiously retaliate!
You headbutt the sixfirhy. The cacodemon gestures next to you.
Some rock shatters into small pieces.
Unknown command.
You see here a +0 giant spiked club.
There is an open door here.
The sixfirhy attacks as you move away! The sixfirhy hits you!
The sixfirhy shocks you!
* * * LOW HITPOINT WARNING * * *
The sixfirhy hits you.
* * * LOW HITPOINT WARNING * * *
The sixfirhy shocks you!
* * * LOW HITPOINT WARNING * * *
The sixfirhy hits you!
* * * LOW HITPOINT WARNING * * *
The sixfirhy shocks you!
* * * LOW HITPOINT WARNING * * *
The sixfirhy completely misses you. The sixfirhy misses you.
You furiously retaliate!
You headbutt the sixfirhy, but do no damage.
You see here a +0 club.
Okay, then.
Okay, then.
There is an open door here.
Some rock shatters into small pieces.
An Orb Guardian comes into view.
There is a staircase leading out of the dungeon here.
The sixfirhy hits you but does no damage.
The sixfirhy misses you. The sixfirhy closely misses you.
You furiously retaliate!
You headbutt the sixfirhy, but do no damage.
The sixfirhy barely misses you.
You have escaped!

##################
#@3#..'2...)'..#__
#X.')....'...)['..
#..##.##'###.#'#__
#..####..#...#.###
#...__####..##:#~)
#..#_____##'#_))~~
#⌠⌠#_.∩...3..._#~§
####_..__##_.#'##'
#_____###'#§#§.


You could see an Orb Guardian and a sixfirhy.

Vanquished Creatures
  A golden dragon (D)
  A shadow dragon (D)
  4 fire giants (D)
  A deep elf annihilator (D)
  A hydra (D)
  2 centaur warriors (D)
  3 demonic crawlers (D)
  Sonja (D)
  A deep troll (D)
  A lindwurm (D)
  An oklob plant (D)
  A merfolk siren (D)
  A gargoyle (D)
  2 kobold demonologists (D)
  7 unseen horrors (D)
  A hellwing (D)
  A hornet (D)
  A slime creature (D)
  Sigmund (D)
  13 hogs (D)
  A yak (D)
  2 redbacks (D)
  3 floating eyes (D)
  An ogre (D)
  7 necrophages (D)
  8 jellies (D)
  Ijyb (D)
  A ballistomycete spore (D)
69 creatures vanquished.

Vanquished Creatures (collateral kills)
  A demonic crawler (D)
  A rust devil (D)
2 creatures vanquished.

Vanquished Creatures (others)
  A merfolk siren (D)
  A hornet (D)
  3 ball lightnings (D)
  A ballistomycete spore (D)
6 creatures vanquished.

Grand Total: 77 creatures vanquished

Notes
Turn   | Place    | Note
-------+----------+-------------------------------------------
     0 | D        | dialectric the Minotaur Berserker began the quest for the
                  | Orb.
     0 | D        | Reached XP level 1. HP: 19/19 MP: 0/0
     2 | D        | Noticed Ijyb
     7 | D        | Killed Ijyb
     8 | D        | Reached skill level 5 in Fighting
     8 | D        | Reached skill level 5 in Maces & Flails
     8 | D        | Reached skill level 3 in Armour
     8 | D        | Reached XP level 2. HP: 29/29 MP: 1/1
    56 | D        | Noticed an ogre
    58 | D        | Killed an ogre
    59 | D        | Reached skill level 4 in Armour
    59 | D        | Reached XP level 3. HP: 40/40 MP: 2/2
    59 | D        | Reached XP level 4. HP: 48/48 MP: 3/3
   115 | D        | Noticed Sigmund
   121 | D        | Killed Sigmund
   121 | D        | Reached ** piety under Trog
   122 | D        | Reached skill level 10 in Fighting
   122 | D        | Reached skill level 10 in Maces & Flails
   122 | D        | Reached skill level 5 in Armour
   122 | D        | Reached XP level 5. HP: 58/58 MP: 4/4
   166 | D        | Found an ornate altar of the Wu Jian Council.
   166 | D        | Found a shimmering blue altar of Sif Muna.
   168 | D        | Found a radiant altar of Vehumet.
   173 | D        | Reached XP level 6. HP: 47/66 MP: 5/5
   196 | D        | Found Esed's General Store.
   196 | D        | Found an ancient bone altar of Kikubaaqudgha.
   196 | D        | Found a hazy altar of Hepliaklqana.
   196 | D        | Found a stormy altar of Qazlal.
   196 | D        | Found a hide-covered altar of Uskayaw.
   196 | D        | Found a blossoming altar of Fedhas.
   196 | D        | Found a bloodstained altar of Trog.
   196 | D        | Found an iron altar of Okawaru.
   196 | D        | Found a basalt altar of Yredelemnul.
   196 | D        | Found a glowing golden altar of the Shining One.
   196 | D        | Found a snail-covered altar of Cheibriados.
   196 | D        | Found a sacrificial altar of Ru.
   196 | D        | Found a glowing silver altar of Zin.
   196 | D        | Found a shadowy altar of Dithmenos.
   196 | D        | Found a white marble altar of Elyvilon.
   196 | D        | Noticed a yak
   204 | D        | Killed a yak
   205 | D        | Reached skill level 6 in Armour
   205 | D        | Reached skill level 5 in Dodging
   205 | D        | Found an opulent altar of Gozag.
   206 | D        | Found a sparkling altar of Nemelex Xobeh.
   212 | D        | Bought a +2 whip of draining for 198 gold pieces
   338 | D        | Found a burning altar of Makhleb.
   338 | D        | Found a viscous altar of Jiyva.
   338 | D        | Found a shimmering altar of Xom.
   338 | D        | Found a corrupted altar of Lugonu.
   338 | D        | Noticed a slime creature
   343 | D        | Killed a slime creature
   344 | D        | Reached skill level 7 in Armour
   344 | D        | Reached XP level 7. HP: 75/75 MP: 6/6
   413 | D        | Noticed a centaur warrior
   413 | D        | Noticed a centaur warrior
   428 | D        | Killed a centaur warrior
   428 | D        | Reached *** piety under Trog
   429 | D        | Reached skill level 9 in Armour
   429 | D        | Reached XP level 8. HP: 27/86 MP: 7/7
   436 | D        | Killed a centaur warrior
   437 | D        | Reached skill level 10 in Armour
   657 | D        | Noticed a hornet
   665 | D        | Killed a hornet
   666 | D        | Reached skill level 1 in Stealth
   668 | D        | Noticed an oklob plant
   674 | D        | Killed an oklob plant
   675 | D        | Reached skill level 15 in Fighting
   675 | D        | Reached skill level 15 in Maces & Flails
   675 | D        | Reached skill level 11 in Armour
   675 | D        | Reached XP level 9. HP: 57/97 MP: 8/8
   828 | D        | Reached **** piety under Trog
  1040 | D        | Reached skill level 12 in Armour
  1053 | D        | Reached ***** piety under Trog
  1064 | D        | Found the +12 pair of quick blades "Gyre" and "Gimble"
                  | {protect}
  1234 | D        | Found Liolifel's Armour Boutique.
  1234 | D        | Found Zazxueza's Distillery.
  1234 | D        | Found Zostekk's General Store.
  1243 | D        | Received a gift from Trog
  1282 | D        | Found Cemeh's Armour Shoppe.
  1282 | D        | Found Umutod's Assorted Antiques.
  1282 | D        | Found Lipra's General Store.
  1284 | D        | Found Gasob's Antique Weapon Emporium.
  1284 | D        | Found Yxtouno's Magic Scroll Shop.
  1284 | D        | Found Boagequt's Antique Armour Shoppe.
  1284 | D        | Found Roimavamm's Antique Weapon Boutique.
  1284 | D        | Found Tupt's Armour Emporium.
  1284 | D        | Found Fuaduw's Jewellery Shop.
  1284 | D        | Found Cun Kebe's General Store.
  1286 | D        | Found Holojopn's Distillery.
  1291 | D        | Bought a scarf of invisibility for 144 gold pieces
  1297 | D        | Bought a ring of see invisible for 210 gold pieces
  1306 | D        | Bought a bone morningstar for 216 gold pieces
  1306 | D        | Identified the +5 morningstar "Qefugogh" {elec, rF+} (You
                  | bought it in a shop in the Dungeon)
  1311 | D        | Bought a potion of curing for 42 gold pieces
  1335 | D        | Noticed an unseen horror
  1335 | D        | Noticed an unseen horror
  1339 | D        | Killed an unseen horror
  1340 | D        | Reached skill level 13 in Armour
  1343 | D        | Killed an unseen horror
  1344 | D        | Reached XP level 10. HP: 108/108 MP: 9/9
  1373 | D        | Noticed Sonja
  1377 | D        | Killed Sonja
  1377 | D        | Received a gift from Trog
  1378 | D        | Reached skill level 14 in Armour
  1462 | D        | Noticed a deep troll
  1468 | D        | Killed a deep troll
  1469 | D        | Reached skill level 15 in Armour
  1478 | D        | Found Hoipnab's Armour Emporium.
  1518 | D        | Bought a +2 cloak for 214 gold pieces
  1542 | D        | Found Nimugoat's Magic Scroll Boutique.
  1552 | D        | Noticed a shining eye
  1552 | D        | Noticed a shining eye
  1552 | D        | Noticed a shining eye
  1552 | D        | Noticed a shining eye
  1552 | D        | Noticed a shining eye
  1552 | D        | Noticed a shining eye
  1586 | D        | Reached skill level 16 in Armour
  1589 | D        | Noticed a demonic crawler
  1589 | D        | Noticed a demonic crawler
  1589 | D        | Noticed a demonic crawler
  1589 | D        | Noticed a demonic crawler
  1778 | D        | Killed a demonic crawler
  1783 | D        | Killed a demonic crawler
  1783 | D        | Received a gift from Trog
  1784 | D        | Reached skill level 17 in Armour
  1835 | D        | Killed a demonic crawler
  1871 | D        | Killed a demonic crawler
  1872 | D        | Reached skill level 18 in Armour
  1872 | D        | Reached XP level 11. HP: 36/121 MP: 10/10
  2107 | D        | Noticed a lindwurm
  2109 | D        | Killed a lindwurm
  2116 | D        | Reached skill level 19 in Armour
  2131 | D        | Received a gift from Trog
  2153 | D        | Reached skill level 20 in Armour
  2171 | D        | Noticed a 12-headed hydra
  2177 | D        | Killed a 12-headed hydra
  2177 | D        | Received a gift from Trog
  2274 | D        | Noticed a shadow dragon
  2274 | D        | Noticed a golden dragon
  2287 | D        | Killed a golden dragon
  2288 | D        | Reached skill level 21 in Armour
  2297 | D        | Killed a shadow dragon
  2362 | D        | Found Gishak Esmu's Distillery.
  2381 | D        | Bought a potion of curing for 36 gold pieces
  2381 | D        | Bought a potion of heal wounds for 60 gold pieces
  2420 | D        | Noticed a deep elf annihilator
  2433 | D        | Reached ****** piety under Trog
  2445 | D        | Killed a deep elf annihilator
  2679 | D        | Received a gift from Trog
  2731 | D        | Bought a scroll of blinking for 75 gold pieces
  2731 | D        | Bought a scroll of enchant armour for 75 gold pieces
  2734 | D        | Bought a scroll of fog for 44 gold pieces
  2749 | D        | Bought a wand of digging (5) for 231 gold pieces
  2793 | D        | Gained mutation: You are strong-willed. (Will+) [a shining
                  | eye]
  2833 | D        | Noticed a daeva
  2845 | D        | Reached XP level 12. HP: 98/134 MP: 11/11
  2853 | D        | Reached skill level 22 in Armour
  2857 | D        | Noticed a fire giant
  2871 | D        | Killed a fire giant
  2871 | D        | Received a gift from Trog
  2921 | D        | Noticed a fire giant
  2927 | D        | Killed a fire giant
  2928 | D        | Noticed a fire giant
  2941 | D        | Killed a fire giant
  2987 | D        | Noticed a fire giant
  2993 | D        | Killed a fire giant
  3344 | D        | Bought a potion of enlightenment for 50 gold pieces
  3425 | D        | Found the +4 dragonskin cloak
  3425 | D        | Noticed Tiamat
  3430 | D        | Got the Orb of Zot
  3440 | D        | Noticed Lom Lobon
  3455 | D        | Identified the +9 dire flail of Compulsion {flame, rN+
                  | Dex+3} (Trog gifted it to you in the Dungeon)
  3455 | D        | Received a gift from Trog
  3487 | D        | Noticed a cacodemon
  3497 | D        | HP: 2/137 [sixfirhy[a cacodemon] (12)]
  3500 | D        | Noticed an Orb Guardian
  3502 | D        | Escaped with the Orb!

Illustrated notes

Levels and vault maps discovered:
D:        dungeon_sprint_1 [red_sonja_temple_1, red_sonja_temple_small_1]

Skill      XL: |  1  2  3  4  5  6  7  8  9 10 11 12 |
---------------+-------------------------------------+-----
Fighting       | 5 7 10 11 13 15 16 18 20 21 | 21.8
Maces & Flails | 5 7 10 12 13 15 18 19 | 19.3
Armour         | 3 4 5 7 9 11 13 18 21 22 | 22.7
Dodging        | 3 4 5 6 7 9 |  9.2
Stealth        | 1 2 |  2.1
Evocations     | |  0.2

Action                     |  1- 3 |  4- 6 |  7- 9 | 10-12 || total
---------------------------+-------+-------+-------+-------++-------
  Melee: Mace              |     4 |    14 |       |       ||    18
         Headbutt          |     2 |     5 |    14 |    45 ||    66
         Whip              |       |     4 |    85 |       ||    89
         Punch             |       |       |     3 |     4 ||     7
         Morningstar       |       |       |     5 |   153 ||   158
 Invoke: Berserk           |     2 |     3 |     3 |     8 ||    16
         Brothers in Arms  |       |       |       |     5 ||     5
         Trog's Hand       |       |       |       |     1 ||     1
  Evoke: Wand              |       |       |       |     2 ||     2
    Use: Scroll            |       |       |       |     3 ||     3
         Potion            |       |       |       |     5 ||     5
   Stab: Sleeping          |       |       |       |     1 ||     1
         Distracted        |       |       |       |     1 ||     1
 Armour: Scale mail        |       |     2 |     9 |       ||    11
         Ring mail         |       |       |    12 |    56 ||    68
         Shadow dragon sca |       |       |       |    31 ||    31
  Dodge: Dodged            |     2 |     2 |    37 |   117 ||   158

Table legend: (Time is in decaauts)
 A = Elapsed time spent in this place.
 B = Non-inter-level travel time spent in this place.
 C = Inter-level travel time spent in this place.
 D = Time resting spent in this place.
 E = Time spent auto-exploring this place.
 F = Levels seen in this place.
 G = Mean time per level.
                   A        B        C        D        E       F      G
               +--------+--------+--------+--------+--------+-----+--------+
         Total |   3582 |   3416 |    166 |   1924 |    201 |   1 | 3582.0 |
       Dungeon |   3582 |   3416 |    166 |   1924 |    201 |   1 | 3582.0 |
               +--------+--------+--------+--------+--------+-----+--------+

Top non-repeatable levels by time:
       D: 3582 daAuts
